 Dungeon Crawl Stone Soup version 0.20-a0-201-g851c6fa (webtiles) character file.

1024 kroki the Insei (level 8, 0/54 HPs)
             Began as an Octopode Transmuter on Nov 24, 2016.
             Slain by a gnoll
             ... wielding a +0 spear
              (3 damage)
             ... on level 6 of the Dungeon.
             The game lasted 00:10:28 (7547 turns).

kroki the Insei (Octopode Transmuter)               Turns: 7547, Time: 00:10:29

Health: 0/54       AC: -3    Str:  9    XL:     8   Next: 22%
Magic:  11/11      EV: 14    Int: 18    God:
Gold:   564        SH:  0    Dex: 12    Spells: 3/11 levels left

rFire  . . .     SeeInvis .       - Unarmed
rCold  . . .     Gourm    .     (no shield)
rNeg   + . .     Faith    .     (helmet restricted)
rPois  .         Spirit   .     (no amulet)
rElec  .         Reflect  .     D - ring of positive energy {rN+}
rCorr  .         Harm     .     (no ring)
MR     .....                    (no ring)
Stlth  ++........               (no ring)
                                (no ring)
                                (no ring)
                                (no ring)
                                (no ring)

@: corroded, repel missiles, drained
A: almost no armour, stealthy swim, amphibious, 8 rings, constrict 8, camouflage
1, gelatinous body 1
a: no special abilities


You were on level 6 of the Dungeon.
You were not hungry.

You visited 1 branch of the dungeon, and saw 6 of its levels.
You also visited: Ossuary.

You collected 564 gold pieces.

Inventory:

Missiles
 a - 12 arrows
 d - a throwing net {=f, !d}
 r - 4 javelins (quivered)
Jewellery
 y - an uncursed amulet of harm
   (You found it on level 5 of the Dungeon)
 D - a ring of positive energy (left tentacle) {rN+}
   (You found it on level 5 of the Dungeon)
Wands
 l - a wand of paralysis (0/24)
   (You found it on level 2 of the Dungeon)
 p - a wand of iceblast (7/15)
   (You found it on level 4 of the Dungeon)
 s - a wand of random effects (24/48)
   (You found it on level 3 of the Dungeon)
Scrolls
 e - a scroll of blinking {!r}
 i - 3 scrolls of teleportation
 q - 3 scrolls of remove curse
 A - a scroll of fog
Potions
 f - 4 potions of haste
 g - 2 potions of mutation {!q}
 h - a potion of invisibility {unknown}
 m - 3 potions of magic
 n - 2 potions of cancellation {unknown}
 o - 3 potions of curing
 t - 2 potions of flight {unknown}
 u - a potion of ambrosia {unknown}
 v - 2 potions of berserk rage {unknown}
 w - a potion of degeneration {unknown}
Books
 b - a book of Changes
 k - a book of Minor Magic
   (You found it on level 2 of the Dungeon)
Comestibles
 c - 3 bread rations {@e1}
 j - 2 meat rations {@e2}
 x - a slice of pizza
 z - a chunk of flesh {@w0}


   Skills:
 + Level 4.5(3.4) Fighting
 + Level 4.4(3.4) Dodging
 + Level 5.8(4.7) Unarmed Combat
 - Level 2.0(1.0) Spellcasting
 - Level 3.4(2.3) Transmutations
 - Level 3.1(2.1) Poison Magic
 - Level 2.4(1.4) Evocations


You had 3 spell levels left.
You knew the following spells:

 Your Spells              Type           Power        Failure   Level  Hunger
a - Beastly Appendage     Tmut           #.....       10%         1    ##.....
c - Spider Form           Tmut/Pois      #.........   30%         3    ####...
d - Repel Missiles        Chrm/Air       #.....       34%         2    ###....
s - Sticks to Snakes      Tmut           #.......     12%         2    ###....


Dungeon Overview and Level Annotations

Branches:
Dungeon (6/15)             Temple (0/1) D:6

Altars:
Ashenzari
Cheibriados
Elyvilon
Uskayaw

Annotations:
D:4 KristoblXynda's ghost, amateur DrFi


Innate Abilities, Weirdness & Mutations

You cannot wear most types of armour.
You are very stealthy in the water. (Stealth+)
You are amphibious.
You can wear up to eight rings at the same time.
You can use your tentacles to constrict eight enemies at once.
Your skin changes colour to match your surroundings (Stealth+).
Your rubbery body absorbs attacks. (AC +1, EV +1)


Message History

No target in range!
An adder is nearby!
No target in range!
The adder bites you but does no damage.
You tentacle-slap the adder. Your grab misses the adder.
The adder bites you. x2
You are poisoned.
The adder poisons you!
You take 6 damage, and have 48/54 hp.
You closely miss the adder. You grab the adder. You constrict the adder.
You feel sick. The adder bites you.
You are more poisoned.
The adder poisons you!
You take 4 damage, and have 44/54 hp.
You tentacle-slap the adder but do no damage.
You constrict the adder.
You feel sick. The adder barely misses you.
You take 1 damage, and have 43/54 hp.
An adder is nearby!
You are too injured to fight recklessly!
Unknown command.
You tentacle-slap the adder. You squeeze the adder. You constrict the adder.
The adder barely misses you.
An adder is nearby!
You are too injured to fight recklessly!
You barely miss the adder. Your squeeze misses the adder.
You constrict the adder.
You kill the adder!
You feel sick.
You take 1 damage, and have 42/54 hp.
You feel sick.
You feel sick.
You feel sick.
You feel sick.
You feel sick.
You feel sick.
You feel sick.
You feel sick.
You are no longer poisoned.
Some of the chunks of flesh in your inventory have rotted away.
All of the chunks of flesh in your inventory have rotted away.
You butcher the adder corpse.
z - a chunk of flesh {@w0}
There is a shattered altar of Ashenzari here.
Done exploring.
No target in view!
Done exploring.
No target in view!
Health restored: 54 Done exploring.
No target in view!
Done exploring.
No target in view!
Done exploring.
No target in view!
As you read the scroll labeled JESTIO IGHODIXOW, it crumbles to dust.
It is a scroll of enchant weapon.
You aren't carrying any weapons that can be enchanted.
There is a stone staircase leading down here.
You climb downwards.
You hear the sound of rushing water.
There is an entrance to a sewer on this level.
Hurry and find it before the portal rusts away!
A jelly and 3 gnolls come into view.
The gnoll shouts! x2; You hear a shout!
The jelly quivers.
There is a stone staircase leading up here.
Really read
B - a scroll of magic mapping {!r}?
As you read the scroll of magic mapping {!r}, it crumbles to dust.
You feel aware of your surroundings.
You sensed 5 altars, and 2 shops/portals.
The gnoll barely misses you. The gnoll hits you but does no damage.
Unknown command.
A gnoll comes into view. It is wielding a whip.
The gnoll shouts!
The gnoll moves out of view.
The gnoll closely misses you. The gnoll misses you.
The gnoll moves out of view.
The jelly closely misses you.
Found an escape hatch in the floor.
The gnoll throws a throwing net.
The throwing net hits you.
You become entangled in the net!
You see here a throwing net {=f, !d}.
You struggle against the net.
The gnoll hits you with a whip! The jelly hits you but does no damage.
You take 11 damage, and have 43/54 hp.
MASSIVE DAMAGE!!
You struggle against the net.
The gnoll hits you with a whip.
The gnoll hits you from afar with a spear.
The jelly barely misses you.
You take 5 damage, and have 38/54 hp.
You struggle against the net.
The gnoll hits you with a whip!
The gnoll hits you from afar with a spear. x2
The jelly hits you. The acid corrodes you!
You are splashed with acid!
The acid burns!
* * * LOW HITPOINT WARNING * * *
You take 28 damage, and have 10/54 hp.
MASSIVE DAMAGE!!
You rip the net and break free!
The gnoll hits you with a whip!
* * * LOW HITPOINT WARNING * * *
The gnoll misses you.
The gnoll hits you from afar with a spear.
You die...

*,* *,,..........,,#.##,*
*,* *,,.........####..#,*
,,*****,,.............g<#,*
,,*,,,,,,,,#..##...####.#,*
,,*,,,,,,,,#..............*
,,*,,,,,,,,#..##g..####.###
,,*,,,,,,,,##,*#gg.# #.#*
,,*,,,,,,,,**,,#gJ.# #..*
,>,,,,,*******,#@..# ##.*
,,,**,** *,#..##* *.*
,,,*,,* *,.###_** *,*
,,,*,,* *#.**,,,***,*
,,,,,,* #.*,,,,,**,**
*,*,*,* #.*,,,,,**,,*
*,*,*,* #.*,,,,,***,**
,,,,*,* #.**,,,** *,,*
*,***,* *,*,,,,,* **,*


You could see a jelly and 4 gnolls.

Vanquished Creatures
  A water moccasin (D:5)
  A phantom (D:5)
  An ogre (D:5)
  A bullfrog (D:5)
  A howler monkey (D:5)
  3 hounds
  2 orc wizards
  2 orc priests
  Jessica (D:2)
  An iguana (D:5)
  4 worker ants
  A hound zombie (D:5)
  8 mummies (Ossuary)
  3 gnolls (D:3)
  4 adders
  A shadow imp (D:3)
  2 oozes
  An adder zombie (D:5)
  A worm (D:3)
  4 dart slugs
  4 leopard geckos
  8 orcs
  6 bats
  4 giant cockroaches
  2 gnoll zombies (Ossuary)
  5 hobgoblins
  7 jackals
  8 kobolds
  A quokka (D:2)
  5 ball pythons
  6 frilled lizards
  9 goblins
  4 hobgoblin zombies (Ossuary)
  2 kobold zombies (Ossuary)
  10 rats
124 creatures vanquished.

Notes
Turn   | Place    | Note
-------+----------+-------------------------------------------
     0 | D:1      | kroki the Octopode Transmuter began the quest for the Orb.
     0 | D:1      | Reached XP level 1. HP: 13/13 MP: 3/3
   212 | D:1      | Reached XP level 2. HP: 17/18 MP: 5/5
   292 | D:1      | Learned a level 2 spell: Sticks to Snakes
   550 | D:1      | Reached skill level 4 in Unarmed Combat
   721 | D:1      | Reached XP level 3. HP: 19/23 MP: 6/6
   853 | D:1      | Learned a level 3 spell: Spider Form
  1172 | D:2      | Reached skill level 1 in Poison Magic
  1465 | D:2      | Reached skill level 2 in Poison Magic
  1504 | D:2      | Noticed Jessica
  1508 | D:2      | Killed Jessica
  1508 | D:2      | Reached skill level 3 in Poison Magic
  1508 | D:2      | Reached XP level 4. HP: 28/28 MP: 7/7
  2437 | D:3      | Reached skill level 3 in Transmutations
  2437 | D:3      | Reached XP level 5. HP: 33/33 MP: 4/8
  2679 | D:3      | Found a snail-covered altar of Cheibriados.
  3233 | D:3      | Reached skill level 2 in Fighting
  3416 | D:3      | Noticed an ogre
  3420 | D:3      | HP: 7/34 [ogre/giant club (27)]
  3931 | D:3      | Reached XP level 6. HP: 38/40 MP: 6/9
  4124 | D:4      | Noticed KristoblXynda's ghost (amateur DrFi)
  4175 | D:4      | Found a sand-covered staircase.
  4183 | Ossuary  | Entered an ossuary
  4297 | Ossuary  | Reached skill level 1 in Evocations
  4954 | Ossuary  | Learned a level 2 spell: Repel Missiles
  5116 | D:4      | Reached XP level 7. HP: 18/45 MP: 7/10
  5358 | D:3      | Reached skill level 3 in Dodging
  5587 | D:4      | Reached skill level 2 in Evocations
  5679 | D:5      | Entered Level 5 of the Dungeon
  5694 | D:5      | Reached skill level 3 in Fighting
  5694 | D:5      | Reached skill level 5 in Unarmed Combat
  6287 | D:5      | Found a hide-covered altar of Uskayaw.
  6400 | D:5      | Reached skill level 4 in Fighting
  6400 | D:5      | Reached skill level 4 in Dodging
  6508 | D:5      | Found a shattered altar of Ashenzari.
  6721 | D:5      | Reached XP level 8. HP: 42/54 MP: 11/11
  7136 | D:5      | Found a white marble altar of Elyvilon.
  7546 | D:6      | HP: 10/54 [acid (10)]
  7547 | D:6      | HP: 3/54 [gnoll/whip (7)]
  7547 | D:6      | Slain by a gnoll

Vault maps used:
D:1:      dpeg_arrival_brainrot
D:2:      uniq_jessica
D:3:      overflow_temple_1_default, st_stairs_11, grunt_ministairs_10
D:4:      first_bread, nicolae_ossuary_entry_plus, serial_shops, shop_fountains,
          uniq_menkaure, uniq_grinder
D:5:      lemuel_coloured_pillars_altar, old_standard_altar, old_standard_altar,
          grunt_ministairs_12
D:6:      nicolae_overflow_crystal_walls, marbit_many_paths,
          minmay_overflow_temple_star_quad, serial_shops, shop,
          portal_sewer_entry_b, uniq_sigmund
Ossuary:  ossuary_tomb_3

Skill      XL: |  1  2  3  4  5  6  7 |
---------------+----------------------+-----
Unarmed Combat | 4 5 |  5.8
Poison Magic   | 3 |  3.1
Transmutations | 3 |  3.4
Fighting       | 2 4 |  4.5
Evocations     | 1 2 |  2.4
Dodging        | 4 |  4.4
Spellcasting   | |  2.0

Action                   |  1- 3 |  4- 6 |  7- 9 || total
-------------------------+-------+-------+-------++-------
Melee: Unarmed           |    71 |   153 |   118 ||   342
       Constrict         |    23 |    22 |    19 ||    64
       Kick              |     3 |       |       ||     3
       Tentacles         |    15 |    19 |    15 ||    49
       Punch             |     3 |     2 |     2 ||     7
Throw: Javelin           |       |    12 |       ||    12
 Cast: Beastly Appendage |     3 |       |       ||     3
       Spider Form       |       |    13 |     5 ||    18
       Repel Missiles    |       |       |     1 ||     1
Evoke: Wand              |       |     2 |     3 ||     5
  Use: Scroll            |     5 |     9 |     4 ||    18
 Stab: Sleeping          |     6 |     2 |     3 ||    11
       Paralysed         |       |     7 |       ||     7
  Eat: Chunk             |     2 |     8 |     4 ||    14
       Beef jerky        |       |     2 |       ||     2
       Pizza             |       |     1 |       ||     1
       Bread ration      |       |       |     1 ||     1
Armor: Skin              |    12 |    10 |     7 ||    29
Dodge: Dodged            |    59 |   106 |    84 ||   249
       Deflected         |       |       |     1 ||     1

Vault maps used:
D:1:      dpeg_arrival_brainrot
D:2:      uniq_jessica
D:3:      overflow_temple_1_default, st_stairs_11, grunt_ministairs_10
D:4:      first_bread, nicolae_ossuary_entry_plus, serial_shops, shop_fountains,
          uniq_menkaure, uniq_grinder
D:5:      lemuel_coloured_pillars_altar, old_standard_altar, old_standard_altar,
          grunt_ministairs_12
D:6:      nicolae_overflow_crystal_walls, marbit_many_paths,
          minmay_overflow_temple_star_quad, serial_shops, shop,
          portal_sewer_entry_b, uniq_sigmund
Ossuary:  ossuary_tomb_3

Table legend:
 A = Turns spent in this place as a percentage of turns spent in the entire game.
 B = Non-inter-level travel turns spent in this place as a percentage of non-inter-level travel turns spent in the entire game.
 C = Inter-level travel turns spent in this place as a percentage of turns spent in this place.
 D = Turns resting spent in this place as a percentage of non-inter-level travel turns spent in this place.
 E = Turns spent auto-exploring this place as a percentage of non-inter-level travel turns spent in this place.
 F = Non-inter-level travel turns spent in this place divided by the number of levels of this place that you've seen.
                   A       B       C       D       E      F
               +-------+-------+-------+-------+-------+----------------------
         Total | 100.0 | 100.0 |   0.4 |   1.6 |   7.7 | 400.4
       Dungeon |  91.1 |  91.1 |   0.4 |   1.6 |   7.6 | 425.5
       Ossuary |   8.9 |   8.9 |   0.0 |   1.6 |   8.0 | 250.0
               +-------+-------+-------+-------+-------+----------------------

Table legend:
 A = Kills in this place as a percentage of kills in entire the game.
 B = Kills by you in this place as a percentage of kills by you in the entire game.
 C = Kills by friends in this place as a percentage of kills by friends in the entire game.
 D = Other kills in this place as a percentage of other kills in the entire game.
 E = Experience gained in this place as a percentage of experience gained in the entire game.
 F = Experience gained in this place divided by the number of levels of this place that you have seen.
                   A       B       C       D       E      F
               +-------+-------+-------+-------+-------+----------------------
         Total | 100.0 | 100.0 |  -nan |  -nan | 100.0 | 209.1
       Dungeon |  87.1 |  87.1 |  -nan |  -nan |  89.3 | 217.8
       Ossuary |  12.9 |  12.9 |  -nan |  -nan |  10.7 | 157.0
               +-------+-------+-------+-------+-------+----------------------
